 Dungeon Crawl Stone Soup version 0.25.0-11-g1f837a7 (webtiles) character file.

Game seed: 5302914588985889498

37590 HilariousDeathArtist the Fighter (level 13, -1/118 HPs)
             Began as a Demigod Hunter on June 24, 2020.
             Slain by a sphinx (16 damage)
             ... on level 2 of the Abyss.
             The game lasted 00:45:03 (21874 turns).

HilariousDeathArtist the Fighter (Demigod Hunter)  Turns: 21874, Time: 00:45:04

Health: -1/118     AC:  5    Str: 19    XL:     13   Next: 26%
Magic:  19/19      EV: 16    Int: 24    God:
Gold:   204        SH:  0    Dex: 12    Spells: 13/15 levels left

rFire    . . .     SeeInvis +   a - +2 halberd (elec)
rCold    + . .     Gourm    .   (shield currently unavailable)
rNeg     + . .     Faith    .   k - +2 leather armour {MR+}
rPois    +         Spirit   .   t - +0 helmet
rElec    .         Reflect  .   (no cloak)
rCorr    .         Harm     .   j - +0 pair of gloves
MR       +++..     Rnd*Rage +   (no boots)
Stlth    +++.......             J - amulet "Daroquz" {rC+ rN+ Regen+ Int+5 Dex-4}
HPRegen  0.69/turn              V - ring "Sabut" {MR+ Slay+3 SInv}
MPRegen  0.16/turn              P - ring of poison resistance {rPois, !d}

@: about to teleport, hasted, very quick
A: [berserk 2], [deformed body], high mp 1
a: no special abilities


You were on level 2 of the Abyss.
You were not hungry.

You visited 2 branches of the dungeon, and saw 15 of its levels.
You visited the Abyss 1 time.
You also visited: Ossuary and Bailey.

You collected 920 gold pieces.
You spent 716 gold pieces at shops.

Inventory:

Hand Weapons
 a - a +2 halberd of electrocution (weapon)
   (You took it off a gnoll in a bailey)
 g - a +5 spear
   (You took it off a wight on level 6 of the Dungeon)
 m - a +0 scimitar of electrocution
   (You took it off a skeletal warrior on level 9 of the Dungeon)
 w - a +1 dagger of venom
   (You took it off a kobold on level 3 of the Dungeon)
Missiles
 b - 11 poisoned darts (quivered)
 c - 8 javelins {=f}
 d - 4 throwing nets {=f, !d}
 o - 134 sling bullets
 G - 94 boomerangs
 I - 245 stones
 S - 7 silver boomerangs
Armour
 j - a +0 pair of gloves (worn)
   (You found it on level 7 of the Dungeon)
 k - a +2 leather armour of magic resistance (worn)
   (You took it off Duvessa on level 4 of the Dungeon)
 t - a +0 helmet (worn)
   (You found it on level 2 of the Dungeon)
 x - a +1 hat
   (You found it on level 3 of the Dungeon)
 z - a +0 plate armour
   (You found it on level 4 of the Dungeon)
 N - a +1 hat of magic resistance
   (You took it off Gastronok on level 11 of the Dungeon)
Jewellery
 F - an uncursed ring of protection from fire {rF+, !d}
   (You found it on level 3 of the Dungeon)
 J - the amulet "Daroquz" (around neck) {rC+ rN+ Regen+ Int+5 Dex-4}
   (You acquired it in a bailey)

   [amulet of regeneration]

   It affects your intelligence (+5).
   It affects your dexterity (-4).
   It protects you from cold.
   It protects you from negative energy.
   It increases your rate of regeneration.
 P - a ring of poison resistance (right hand) {rPois, !d}
   (You took it off a gnoll sergeant on level 7 of the Dungeon)
 V - the ring "Sabut" (left hand) {MR+ Slay+3 SInv}
   (You bought it in a shop on level 7 of the Dungeon)

   [ring of see invisible]

   It affects your accuracy and damage with ranged weapons and melee attacks
   (+3).
   It affects your resistance to hostile enchantments.
   It lets you see invisible.
Wands
 f - a wand of flame (41)
   (You took it off Edmund on level 4 of the Dungeon)
 h - a wand of random effects (9)
   (You found it on level 8 of the Dungeon)
 r - a wand of clouds (6)
   (You found it on level 3 of the Lair of Beasts)
 K - a wand of paralysis (2)
   (You found it on level 9 of the Dungeon)
Scrolls
 i - 4 scrolls of teleportation
 l - 7 scrolls of remove curse
 u - a scroll of enchant weapon
 y - 5 scrolls of identify
 A - 5 scrolls of magic mapping {!r}
 C - 2 scrolls of enchant armour
 D - 3 scrolls of immolation {!r}
 O - a scroll of fear
Potions
 n - 5 potions of flight
 p - 15 potions of curing
 q - 3 potions of heal wounds
 s - 4 potions of mutation {!q}
 B - a potion of lignification {!q}
 E - 3 potions of stabbing
 H - 6 potions of magic
Miscellaneous
 L - a tin of tremorstones (3/3)
   (You found it on level 9 of the Dungeon)
 M - a phial of floods (inert)
   (You found it on level 9 of the Dungeon)
Comestibles
 e - 23 rations


   Skills:
 - Level 12.2 Fighting
 - Level 11.8 Polearms
 - Level 3.6 Throwing
 - Level 8.8 Dodging
 + Level 7.3 Stealth
 - Level 1.8 Spellcasting
 - Level 2.0 Translocations


You had 13 spell levels left.
You knew the following spells:

 Your Spells              Type           Power        Failure   Level  Hunger
b - Blink                 Tloc           N/A          10%         2    ##.....

Your spell library contained the following spells:

 Spells                   Type           Power        Failure   Level  Hunger
 Apportation              Tloc           ##....       6%          1    #......
 Beastly Appendage        Tmut           #.....       14%         1    #......
 Magic Dart               Conj           #...         14%         1    #......
 Summon Butterflies       Summ           #.......     14%         1    #......
 Lesser Beckoning         Tloc           ##........   19%         3    ###....
 Call Imp                 Summ           #.......     22%         2    ##.....
 Slow                     Hex            #.......     22%         2    ##.....
 Sticks to Snakes         Tmut           #.......     22%         2    ##.....
 Conjure Flame            Conj/Fire      #.......     41%         3    ###....
 Mephitic Cloud           Conj/Pois/Air  #.......     41%         3    ###....
 Spider Form              Tmut/Pois      #.........   41%         3    ###....
 Tukima's Dance           Hex            #.......     41%         3    ###....
 Ice Form                 Ice/Tmut       #.......     82%         4    #####..
 Agony                    Necr           #.......     99%         5    ######.
 Alistair's Intoxication  Tmut/Pois      #.......     99%         5    ######.
 Blade Hands              Tmut           #.........   99%         5    ######.
 Invisibility             Hex            #.......     100%        6    #######


Dungeon Overview and Level Annotations

Branches:
Dungeon (12/15)            Temple (0/1) D:7            Lair (3/6) D:10
 Spider (0/4) Lair:3          Orc (0/2) D:9         Ossuary (visited)
 Bailey (visited)
  Swamp: Lair:2-4    Shoals: Lair:2-4

Shops:
D:5 *(*?   D:7 =:   D:9 [%   D:11 =

Annotations:
D:5 3 runed translucent doors, Klatu's ghost, novice CeSu
Lair:2 Sonja


Innate Abilities, Weirdness & Mutations

You have an increased reservoir of magic. (+10% MP)
[You often lose your temper in combat.]
[Armour fits poorly on your strangely shaped body.]


Message History

The shadow easily resists.
The shadow hits you.
Aim: a shadow (chance to defeat MR: 28%)
The shadow easily resists.
You feel sick. The shadow barely misses you.
Aim: a shadow (chance to defeat MR: 28%)
The shadow easily resists.
The shadow closely misses you.
Aim: a shadow (chance to defeat MR: 28%)
The shadow easily resists.
The shadow misses you.
Aim: a shadow (chance to defeat MR: 28%)
The shadow easily resists.
The shadow completely misses you.
Aim: a shadow (chance to defeat MR: 28%)
The shadow easily resists.
You are suddenly pulled into a different region of the Abyss!
You feel sick.
Okay, then.
You regained 2 hp, and now have 26/118 hp.
You feel sick.
You take 1 damage, and have 25/118 hp.
You feel sick.
You are no longer poisoned.
You regained 2 hp, and now have 29/118 hp.
You open the door.
There is an open door here.
You open the door.
A boggart comes into view.
Okay, then.
Okay, then.
Okay, then.
A boggart is nearby!
Okay, then.
Aim: a boggart (asleep, chance to defeat MR: 28%)
Okay, then.
Okay, then.
A sphinx comes into view.
Okay, then.
Okay, then.
You feel yourself speed up.
You feel much better.
A large abomination comes into view.
You regained 21 hp, and now have 61/118 hp.
The sphinx shouts!
You hear a shout!
The sphinx hits you!! The sphinx barely misses you.
The sphinx hits you but does no damage.
You see here the Guide on Sinister Arts.
You take 22 damage, and have 40/118 hp.
Okay, then.
You pick up the Guide on Sinister Arts and begin reading...
You add the spell Agony to your library.
The sphinx hits you!
* * * LOW HITPOINT WARNING * * *
The sphinx hits you but does no damage. The sphinx completely misses you.
You take 9 damage, and have 31/118 hp.
The boggart mumbles some strange words.
The boggart flickers and vanishes for a moment.
A shadow demon comes into view.
As you read the scroll of teleportation, it crumbles to dust.
You feel strangely unstable.
You feel the power of the Abyss delaying your translocation!
The large abomination barely misses you.
The boggart gestures wildly while chanting.
A rakshasa comes into view. It is wielding a +0 long sword.
The thrashing horror misses you. x2; The boggart closely misses you.
The rakshasa blinks!
The thrashing horror tramples you!
* * * LOW HITPOINT WARNING * * *
You stumble backwards!
The thrashing horror tramples you!
* * * LOW HITPOINT WARNING * * *
You hold your ground!
The thrashing horror tramples you.
* * * LOW HITPOINT WARNING * * *
You hold your ground!
You take 24 damage, and have 11/118 hp.
MASSIVE DAMAGE!!
You feel much better.
The thrashing horror roars!
The thrashing horror barely misses you. x2; The thrashing horror tramples you!
* * * LOW HITPOINT WARNING * * *
You hold your ground!
The thrashing horror closely misses you.
The thrashing horror barely misses you. The thrashing horror tramples you.
* * * LOW HITPOINT WARNING * * *
You hold your ground!
The rakshasa weaves an illusion.
The boggart shimmers and seems to become two!
The sphinx hits you!
* * * LOW HITPOINT WARNING * * *
The sphinx completely misses you. The sphinx hits you.
* * * LOW HITPOINT WARNING * * *
You take 8 damage, and have 3/118 hp.
Unknown command.
You feel much better.
The thrashing horror roars!
The thrashing horror completely misses you.
The thrashing horror barely misses you.
The rakshasa blinks!
You regained 25 hp, and now have 28/118 hp.
Unknown command.
The thrashing horror tramples you!
* * * LOW HITPOINT WARNING * * *
You stumble backwards!
The sphinx hits you!
You die...

##. .#..## #
...'...# :# ...
.###..# ?.# ..
.
#..######.##.#
#
##....§g.......
#.......X. ....
##.##.g.###.##.
#..?#:HX#.:..2
#....#@X.≈?..#
##...#...#...#
## ###.######
###


You could see a sphinx, 2 thrashing horrors, a large abomination and 2 boggarts.

Vanquished Creatures
  Gastronok (D:11)
  Harold (Lair:2)
  A two-headed ogre (D:8)
  5 skeletal warriors
  An unseen horror (D:11)
  An orc knight (Bailey)
  A deep elf mage (D:9)
  A cyclops (D:11)
  6 spiny frogs
  A centaur skeleton (D:11)
  2 trolls
  A jumping spider (Lair:3)
  Prince Ribbit (Lair:2)
  4 blink frogs (Lair:2)
  2 hippogriffs
  A wyvern (D:9)
  5 yaks
  A human (D:7)
  2 wraiths (D:11)
  Eustachio (D:6)
  A basilisk (Lair:2)
  3 hogs (D:7)
  A hungry ghost (D:7)
  A steam dragon (D:9)
  Edmund (D:4)
  Menkaure (D:6)
  An acid dragon (D:9)
  4 porcupines
  Duvessa (D:4)
  2 water moccasins
  2 sky beasts
  7 orc warriors
  3 ice beasts
  A black bear (D:10)
  2 phantoms
  5 ogres
  9 centaurs
  7 crocodiles
  2 big kobolds
  7 bullfrogs
  Blork the orc (D:4)
  2 gnoll sergeants
  Dowan (D:4)
  A water moccasin zombie (D:6)
  6 scorpions
  18 killer bees
  8 wights
  3 howler monkeys (D:10)
  A crimson imp (D:9)
  2 centaur zombies
  2 bullfrog zombies
  A hound (D:4)
  7 orc priests
  2 bullfrog skeletons
  4 iguanas
  11 orc wizards
  10 worker ants
  4 hell rats (Lair:3)
  3 mummies (Ossuary)
  A howler monkey skeleton (D:11)
  23 gnolls
  14 adders
  2 shadow imps
  An adder zombie (D:6)
  3 adder skeletons
  2 dart slugs
  3 worms
  4 leopard geckos
  47 orcs
  2 ball pythons
  5 giant cockroaches
  18 hobgoblins
  4 jackals (D:3)
  19 kobolds
  3 quokkas
  A ball python skeleton (D:4)
  6 bats
  4 frilled lizards
  6 goblins
  2 goblin zombies (Ossuary)
  A hobgoblin zombie (Ossuary)
  3 kobold zombies (Ossuary)
  A leopard gecko skeleton (D:8)
  A leopard gecko zombie (D:6)
  An orc zombie (Ossuary)
  6 rats
370 creatures vanquished.

Vanquished Creatures (collateral kills)
  A frilled lizard (D:5)
1 creature vanquished.

Vanquished Creatures (others)
  2 centaurs
  2 killer bees (D:7)
  A crimson imp (D:7)
  An orc wizard (D:3)
  2 orcs (D:9)
  A butterfly (D:7)
  18 fungi (D:10)
  24 plants
51 creatures vanquished.

Grand Total: 422 creatures vanquished

Notes
Turn   | Place    | Note
-------+----------+-------------------------------------------
     0 | D:1      | HilariousDeathArtist the Demigod Hunter began the quest for
                  | the Orb.
     0 | D:1      | Reached XP level 1. HP: 17/17 MP: 3/3
   207 | D:1      | Reached skill level 2 in Fighting
   945 | D:1      | Reached XP level 2. HP: 21/25 MP: 4/4
  1306 | D:2      | Reached skill level 3 in Fighting
  1327 | D:2      | HP: 6/26 [poisoned by an adder]
  1335 | D:2      | HP: 4/26 [poisoned by an adder]
  1343 | D:2      | HP: 3/26 [poisoned by an adder]
  1726 | D:2      | Found a glowing silver altar of Zin.
  1790 | D:2      | Reached XP level 3. HP: 31/31 MP: 5/5
  2301 | D:2      | Reached skill level 4 in Fighting
  2531 | D:2      | Reached XP level 4. HP: 40/40 MP: 6/6
  2631 | D:2      | Found a blossoming altar of Fedhas.
  2694 | D:2      | You fall into a shaft and drop 2 floors!
  2695 | D:4      | Noticed Edmund
  2701 | D:4      | Noticed Blork the orc
  2719 | D:4      | Found a hide-covered altar of Uskayaw.
  3150 | D:2      | Found a sparkling altar of Nemelex Xobeh.
  3150 | D:2      | Found an opulent altar of Gozag.
  3275 | D:2      | Found a glowing golden altar of the Shining One.
  4172 | D:3      | Found a shimmering blue altar of Sif Muna.
  4347 | D:4      | Killed Blork the orc
  4347 | D:4      | Reached skill level 5 in Fighting
  4347 | D:4      | Reached XP level 5. HP: 48/48 MP: 7/7
  4390 | D:4      | Killed Edmund
  4390 | D:4      | Reached skill level 6 in Fighting
  4390 | D:4      | Reached XP level 6. HP: 22/58 MP: 8/8
  4395 | D:4      | HP: 14/58 [poisoned by an adder]
  4402 | D:4      | HP: 14/58 [poisoned by an adder]
  4410 | D:4      | HP: 13/58 [poisoned by an adder]
  5204 | D:4      | Identified the +6 trident "Iwkuypt" {chaos, Stlth+}
  5204 | D:4      | Identified the +0 scale mail of Dramatic Exits {Harm Dex+4}
  5204 | D:4      | Identified the +3 buckler of the Baker {*Drain rF+ rC+}
  5412 | D:4      | Found a transporter.
  5417 | D:4      | Found a transporter.
  5436 | D:4      | Noticed Duvessa
  5436 | D:4      | Noticed Dowan
  5462 | D:4      | Killed Duvessa
  5462 | D:4      | Reached skill level 7 in Fighting
  5462 | D:4      | Killed Dowan
  5462 | D:4      | Reached XP level 7. HP: 24/66 MP: 9/9
  5704 | D:4      | HP: 16/66 [poisoned by a gnoll]
  5710 | D:4      | HP: 13/66 [poisoned by a gnoll]
  5717 | D:4      | HP: 12/66 [poisoned by a gnoll]
  5724 | D:4      | HP: 11/66 [poisoned by a gnoll]
  5732 | D:4      | HP: 11/66 [poisoned by a gnoll]
  6030 | D:5      | Entered Level 5 of the Dungeon
  6050 | D:5      | Found a sand-covered staircase.
  6055 | Ossuary  | Entered an ossuary
  6413 | D:5      | Found Uneysm's General Store.
  6553 | D:5      | Found Mocaf's Magic Scroll Shop.
  6561 | D:5      | Bought a scroll of magic mapping for 42 gold pieces
  6618 | D:5      | Bought a potion of lignification for 36 gold pieces
  6618 | D:5      | Bought a scroll of enchant armour for 90 gold pieces
  6698 | D:5      | Found a runed translucent gate.
  6698 | D:5      | Found a runed translucent gate.
  6698 | D:5      | Found an opulent altar of Gozag.
  6699 | D:5      | Found a runed translucent gate.
  6701 | D:5      | Noticed Klatu's ghost (novice CeSu)
  6758 | D:5      | Found a sacrificial altar of Ru.
  6817 | D:5      | Found Zuj Isch's General Store.
  7011 | D:5      | Reached skill level 8 in Fighting
  7268 | D:5      | Found Suheu's Antique Weapon Shoppe.
  7314 | D:5      | Found a shadowy altar of Dithmenos.
  7745 | D:6      | Reached skill level 9 in Fighting
  7767 | D:6      | Reached XP level 8. HP: 51/78 MP: 10/10
  7837 | D:6      | Noticed Eustachio
  7854 | D:6      | Killed Eustachio
  7854 | D:6      | Reached skill level 2 in Dodging
  8020 | D:6      | Reached skill level 3 in Dodging
  8565 | D:6      | Reached skill level 4 in Dodging
  8583 | D:6      | Reached skill level 10 in Fighting
  8972 | D:6      | Found a shattered altar of Ashenzari.
  9036 | D:7      | Noticed Menkaure
  9045 | D:6      | Killed Menkaure
  9649 | D:7      | Reached skill level 5 in Dodging
  9649 | D:7      | Reached XP level 9. HP: 66/86 MP: 11/11
  9770 | D:6      | HP: 18/86 [orc wizard/magic dart (4)]
  9775 | D:6      | HP: 12/86 [poisoned by a killer bee]
  9781 | D:6      | HP: 9/86 [poisoned by a killer bee]
  9789 | D:6      | HP: 8/86 [poisoned by a killer bee]
 10298 | D:7      | Found Kaosiec's Jewellery Shoppe.
 10308 | D:7      | Bought a cursed amulet of inaccuracy for 26 gold pieces
 10407 | D:7      | Reached skill level 6 in Dodging
 10491 | D:7      | Found a shimmering altar of Xom.
 10531 | D:7      | Found Ecriab's Book Shoppe.
 10780 | D:7      | Found a staircase to the Ecumenical Temple.
 10901 | D:7      | Reached skill level 11 in Fighting
 11002 | D:7      | Found a bloodstained altar of Trog.
 11208 | D:7      | Reached skill level 7 in Dodging
 11647 | D:8      | Found a flagged portal.
 11683 | D:8      | Found a white marble altar of Elyvilon.
 11744 | Bailey   | Entered a bailey
 11994 | Bailey   | Noticed an orc knight
 12294 | Bailey   | Identified a scroll of acquirement
 12305 | Bailey   | Killed an orc knight
 12305 | Bailey   | Reached XP level 10. HP: 70/96 MP: 13/13
 12329 | Bailey   | Got the amulet "Daroquz" {rC+ rN+ Regen+ Int+5 Dex-4}
 12668 | D:8      | Found a basalt altar of Yredelemnul.
 12966 | D:8      | Noticed a two-headed ogre
 12988 | D:8      | Killed a two-headed ogre
 12988 | D:8      | Reached skill level 8 in Dodging
 13438 | D:9      | Reached skill level 12 in Fighting
 13452 | D:9      | Found Zicwuwu's Food Boutique.
 13892 | D:9      | Noticed a deep elf mage
 13906 | D:10     | Entered Level 10 of the Dungeon
 13913 | D:9      | Killed a deep elf mage
 13913 | D:9      | Reached skill level 2 in Polearms
 14009 | D:9      | Found a burning altar of Makhleb.
 14063 | D:9      | Found Qomec's Armour Shop.
 14140 | D:9      | Reached skill level 3 in Polearms
 14405 | D:9      | Reached skill level 4 in Polearms
 14510 | D:9      | HP: 13/97 [steam dragon/ball of steam (20)]
 14791 | D:9      | Found a roughly hewn altar of Beogh.
 14791 | D:9      | Found a staircase to the Orcish Mines.
 15297 | D:9      | Reached skill level 5 in Polearms
 15934 | D:9      | Reached skill level 6 in Polearms
 15938 | D:9      | HP: 21/97 [killer bee (7)]
 15941 | D:9      | HP: 10/97 [killer bee (4)]
 16291 | D:10     | Reached XP level 11. HP: 104/104 MP: 14/14
 16518 | D:10     | Found a staircase to the Lair.
 16553 | D:10     | Reached skill level 7 in Polearms
 16697 | D:11     | Noticed an unseen horror
 16719 | D:11     | Killed an unseen horror
 16903 | D:11     | Noticed a skeletal warrior
 16927 | D:10     | HP: 24/104 [skeletal warrior/+0 scimitar of electrocution[a
                  | skeletal warrior] (25)]
 17092 | D:11     | Noticed a skeletal warrior
 17092 | D:11     | Noticed a skeletal warrior
 17136 | D:10     | HP: 25/104 [skeletal warrior/+0 scimitar of electrocution[a
                  | skeletal warrior] (14)]
 17176 | D:10     | HP: 16/104 [skeletal warrior/+0 scimitar of electrocution[a
                  | skeletal warrior] (22)]
 17281 | D:11     | Noticed a skeletal warrior
 17281 | D:11     | Noticed a skeletal warrior
 17336 | D:9      | Killed a skeletal warrior
 17336 | D:9      | Reached skill level 8 in Polearms
 17517 | D:10     | HP: 6/104 [skeletal warrior/cursed -3 flail (23)]
 17569 | D:10     | HP: 11/104 [skeletal warrior/cursed -3 flail (20)]
 17793 | D:10     | HP: 20/104 [skeletal warrior/cursed -3 flail (17)]
 17852 | D:10     | Killed a skeletal warrior
 18013 | D:10     | Killed a skeletal warrior
 18013 | D:10     | Reached skill level 9 in Polearms
 18242 | D:11     | Found Weefuap's Jewellery Boutique.
 18375 | D:10     | Killed a skeletal warrior
 18488 | D:11     | HP: 11/104 [skeletal warrior/+0 glaive[a skeletal warrior]
                  | (18)]
 18770 | D:11     | Reached skill level 10 in Polearms
 18781 | D:11     | Noticed Gastronok
 18802 | D:11     | Killed Gastronok
 18880 | D:11     | Killed a skeletal warrior
 19087 | D:11     | Reached skill level 11 in Polearms
 19457 | D:7      | Bought the ring "Sabut" {MR+ Slay+3 SInv} for 522 gold
                  | pieces
 19539 | Lair:1   | Entered Level 1 of the Lair of Beasts
 19604 | Lair:1   | Noticed a four-headed hydra
 19712 | Lair:2   | Noticed Prince Ribbit
 19735 | Lair:2   | HP: 24/104 [blink frog[Prince Ribbit] (4)]
 19743 | Lair:2   | Killed Prince Ribbit
 19744 | Lair:2   | HP: 18/104 [blink frog[Prince Ribbit] (12)]
 19750 | Lair:2   | HP: 11/104 [blink frog[Prince Ribbit] (11)]
 19901 | Lair:2   | Reached XP level 12. HP: 112/112 MP: 15/15
 19905 | Lair:2   | Learned a level 2 spell: Blink
 20139 | Lair:2   | Got a smoking pewter amulet
 20140 | Lair:2   | Identified the amulet "Wiziwk" {Spirit Str+5} (You found it
                  | on level 2 of the Lair of Beasts)
 20351 | Lair:2   | Noticed Harold
 20490 | Lair:2   | Reached skill level 1 in Translocations
 20504 | Lair:2   | Noticed Sonja
 20571 | Lair:2   | Reached skill level 1 in Spellcasting
 20915 | Lair:3   | Found a hole to the Spider Nest.
 21577 | Lair:2   | Killed Harold
 21577 | Lair:2   | Reached skill level 2 in Translocations
 21764 | Lair:2   | Cast into level 1 of the Abyss (Sonja)
 21775 | Abyss:1  | Found a bloodstained altar of Trog.
 21806 | Abyss:1  | HP: 16/112 [large abomination (33)]
 21808 | Abyss:2  | Noticed a green death
 21814 | Abyss:2  | HP: 26/112 [shadow (6)]
 21821 | Abyss:2  | Reached skill level 7 in Stealth
 21821 | Abyss:2  | Reached XP level 13. HP: 30/118 MP: 19/19
 21822 | Abyss:2  | HP: 21/118 [shadow (9)]
 21828 | Abyss:2  | HP: 24/118 [poisoned by a green death (poison arrow)]
 21836 | Abyss:2  | HP: 27/118 [poisoned by a green death (poison arrow)]
 21853 | Abyss:2  | Noticed a sphinx
 21860 | Abyss:2  | Identified the Guide on Sinister Arts
 21871 | Abyss:2  | Identified the Tome of Companions
 21871 | Abyss:2  | HP: 27/118 [thrashing horror[a boggart] (9)]
 21871 | Abyss:2  | HP: 11/118 [thrashing horror[a boggart] (3)]
 21872 | Abyss:2  | HP: 3/118 [sphinx (6)]
 21874 | Abyss:2  | Slain by a sphinx

Illustrated notes

Levels and vault maps discovered:
D:1:      matt_arrival_spirals, layout_basic, minmay_cut_off
D:2:      layout_basic, lemuel_doored_altar, lemuel_crystal_altar,
          tso_oasis_becter, grunt_temple_overflow_opulence, first_ration
D:3:      layout_basic, led_sif_book
D:4:      layout_rooms, eat_drink_and_be_merry_uskayaw,
          gammafunk_ghost_gnarly_gnolls, uniq_blork_the_orc, uniq_duvessa,
          uniq_edmund
D:5:      layout_layer_cave, grunt_dithmenos_shadows, enter_ossuary_2,
          serial_shops, shop, shop, nicolae_shop_trees, nicolae_shop_stone,
          ebering_ghost_gozag, nicolae_ru_path_of_blood
D:6:      layout_rooms, lemuel_coloured_pillars_altar, corexii_hall_statues_i,
          kennysheep_small_square, uniq_eustachio
D:7:      layout_cave_pools, lightli_temple_of_fire, xom_confusion_cloud,
          minmay_temple_entry_butterflies, serial_shops, shop, shop,
          grunt_livestock, uniq_menkaure
D:8:      layout_gridville, nicolae_overflow_hidden_temple, lemuel_round_altar,
          serial_glass, glass_columns_c, glass_columns_b, enter_bailey_3
D:9:      nicolae_whirlpool, layout_cave_pods, lemuel_crystal_altar,
          david_orc_5, serial_shops, shop, nicolae_shop_crystal,
          corexii_leaking_fountain, guppyfry_early_elven_hall
D:10:     layout_rooms, grunt_lair_entry_orc_guard_hut,
          chequers_serial_rivers_micro_c
D:11:     layout_loops_ring, serial_shops, shop, uniq_gastronok
D:12:     minmay_wavy_crystal, layout_rooms, serial_shops, nicolae_shop_trees,
          uniq_erolcha
Lair:1:   layout_loops_ring, uniq_nergalle
Lair:2:   layout_long_grid, serial_forest, infiniplex_forest_end_double,
          infiniplex_forest_clump_small, infiniplex_forest_clump_medium,
          infiniplex_forest_straight_2, infiniplex_forest_clump_large,
          infiniplex_forest_lined_3, infiniplex_forest_zigzag_1,
          infiniplex_forest_split, uniq_harold, uniq_prince_ribbit2, uniq_sonja
Lair:3:   layout_cave_pods, spider_nest_entry_a, grunt_megastairs_4
Abyss:2:  base: Temple, hangedman_cross_veins, hangedman_abyss_lost_library

Skill      XL: |  1  2  3  4  5  6  7  8  9 10 11 12 |
---------------+-------------------------------------+-----
Fighting       | 2 3 4 5 6 7 9 10 11 12 | 12.2
Dodging        | 5 7 8 |  8.8
Polearms       | 6 11 | 11.8
Translocations | 2 |  2.0
Spellcasting   | 1 |  1.8
Stealth        | 7 |  7.3
Throwing       | |  3.6

Action                   |  1- 3 |  4- 6 |  7- 9 | 10-12 | 13-15 || total
-------------------------+-------+-------+-------+-------+-------++-------
Melee: Short sword       |    71 |    29 |       |       |       ||   100
       Dagger            |       |   108 |     8 |       |       ||   116
       Hand axe          |       |     9 |       |       |       ||     9
       Flail             |       |       |   505 |    85 |       ||   590
       Halberd           |       |       |       |   638 |       ||   638
Throw: Stone             |    64 |    68 |    45 |   124 |       ||   301
       Javelin           |     2 |       |       |       |       ||     2
       Dart              |       |     5 |   188 |    73 |       ||   266
 Cast: Blink             |       |       |       |     1 |       ||     1
Evoke: Wand              |       |       |     7 |    12 |     7 ||    26
       Phial of floods   |       |       |       |     1 |       ||     1
  Use: Scroll            |       |    10 |     7 |     5 |     1 ||    23
       Potion            |       |     5 |     4 |     5 |     4 ||    18
 Stab: Sleeping          |       |     6 |     1 |     1 |       ||     8
       Invisible         |       |     1 |       |       |       ||     1
       Distracted        |       |       |     2 |       |       ||     2
  Eat: Chunk             |     5 |     8 |    13 |    25 |       ||    51
       Ration            |       |       |     3 |     2 |       ||     5
Armor: Leather armour    |    10 |       |   211 |   111 |     3 ||   335
       Scale mail        |    10 |    52 |       |       |       ||    62
       Plate armour      |       |    20 |       |       |       ||    20
       Skin              |       |       |    11 |       |       ||    11
Dodge: Dodged            |    28 |    57 |   499 |   547 |    18 ||  1149

Levels and vault maps discovered:
D:1:      matt_arrival_spirals, layout_basic, minmay_cut_off
D:2:      layout_basic, lemuel_doored_altar, lemuel_crystal_altar,
          tso_oasis_becter, grunt_temple_overflow_opulence, first_ration
D:3:      layout_basic, led_sif_book
D:4:      layout_rooms, eat_drink_and_be_merry_uskayaw,
          gammafunk_ghost_gnarly_gnolls, uniq_blork_the_orc, uniq_duvessa,
          uniq_edmund
D:5:      layout_layer_cave, grunt_dithmenos_shadows, enter_ossuary_2,
          serial_shops, shop, shop, nicolae_shop_trees, nicolae_shop_stone,
          ebering_ghost_gozag, nicolae_ru_path_of_blood
D:6:      layout_rooms, lemuel_coloured_pillars_altar, corexii_hall_statues_i,
          kennysheep_small_square, uniq_eustachio
D:7:      layout_cave_pools, lightli_temple_of_fire, xom_confusion_cloud,
          minmay_temple_entry_butterflies, serial_shops, shop, shop,
          grunt_livestock, uniq_menkaure
D:8:      layout_gridville, nicolae_overflow_hidden_temple, lemuel_round_altar,
          serial_glass, glass_columns_c, glass_columns_b, enter_bailey_3
D:9:      nicolae_whirlpool, layout_cave_pods, lemuel_crystal_altar,
          david_orc_5, serial_shops, shop, nicolae_shop_crystal,
          corexii_leaking_fountain, guppyfry_early_elven_hall
D:10:     layout_rooms, grunt_lair_entry_orc_guard_hut,
          chequers_serial_rivers_micro_c
D:11:     layout_loops_ring, serial_shops, shop, uniq_gastronok
D:12:     minmay_wavy_crystal, layout_rooms, serial_shops, nicolae_shop_trees,
          uniq_erolcha
Lair:1:   layout_loops_ring, uniq_nergalle
Lair:2:   layout_long_grid, serial_forest, infiniplex_forest_end_double,
          infiniplex_forest_clump_small, infiniplex_forest_clump_medium,
          infiniplex_forest_straight_2, infiniplex_forest_clump_large,
          infiniplex_forest_lined_3, infiniplex_forest_zigzag_1,
          infiniplex_forest_split, uniq_harold, uniq_prince_ribbit2, uniq_sonja
Lair:3:   layout_cave_pods, spider_nest_entry_a, grunt_megastairs_4
Abyss:2:  base: Temple, hangedman_cross_veins, hangedman_abyss_lost_library

Table legend:
 A = Turns spent in this place as a percentage of turns spent in the entire game.
 B = Non-inter-level travel turns spent in this place as a percentage of non-inter-level travel turns spent in the entire game.
 C = Inter-level travel turns spent in this place as a percentage of turns spent in this place.
 D = Turns resting spent in this place as a percentage of non-inter-level travel turns spent in this place.
 E = Turns spent auto-exploring this place as a percentage of non-inter-level travel turns spent in this place.
 F = Non-inter-level travel turns spent in this place divided by the number of levels of this place that you've seen.
                   A       B       C       D       E      F
               +-------+-------+-------+-------+-------+----------------------
         Total | 100.0 | 100.0 |   5.8 |  26.0 |  51.1 | 1085.1
       Dungeon |  84.3 |  83.5 |   6.7 |  29.4 |  49.0 | 1434.5
          Lair |  10.2 |  10.7 |   1.1 |   4.8 |  76.6 | 733.7
         Abyss |   0.5 |   0.5 |   0.0 |   0.0 |   0.0 |  55.0
       Ossuary |   1.2 |   1.3 |   0.0 |   0.0 |  49.8 | 267.0
        Bailey |   3.8 |   4.0 |   0.0 |  22.6 |  35.8 | 824.0
               +-------+-------+-------+-------+-------+----------------------

Table legend:
 A = Kills in this place as a percentage of kills in entire the game.
 B = Kills by you in this place as a percentage of kills by you in the entire game.
 C = Kills by friends in this place as a percentage of kills by friends in the entire game.
 D = Other kills in this place as a percentage of other kills in the entire game.
 E = Experience gained in this place as a percentage of experience gained in the entire game.
 F = Experience gained in this place divided by the number of levels of this place that you have seen.
                   A       B       C       D       E      F
               +-------+-------+-------+-------+-------+----------------------
         Total | 100.0 | 100.0 | 100.0 | 100.0 | 100.0 | 1640.5
       Dungeon |  79.4 |  79.2 | 100.0 | 100.0 |  73.9 | 1919.3
          Lair |   8.6 |   8.6 |   0.0 |   0.0 |  23.1 | 2400.0
       Ossuary |   2.9 |   3.0 |   0.0 |   0.0 |   0.3 | 105.0
        Bailey |   9.1 |   9.2 |   0.0 |   0.0 |   2.7 | 832.0
               +-------+-------+-------+-------+-------+----------------------
